 Dungeon Crawl Stone Soup version 0.30-a0-1050-g2766ea1e55 (webtiles) character file.

Game seed: 11112462997118885036

295 Ic0nGaming the Slicer (level 6, -6/55 HPs)
             Began as a Kobold Fighter on Apr 10, 2023.
             Mangled by Pikel
             ... wielding a +2 whip of freezing
              (10 damage)
             ... on level 4 of the Dungeon.
             The game lasted 00:05:57 (3567 turns).

Ic0nGaming the Slicer (Kobold Fighter)              Turns: 3567, Time: 00:05:57

Health: -6/55      AC:  9    Str: 14    XL:     6   Next: 61%
Magic:  6/6        EV: 10    Int:  9    God:
Gold:   157        SH:  5    Dex: 16    Spells: 5/5 levels left

rFire   . . .      SeeInvis .    i - +2 whip (venom)
rCold   . . .      Faith    .    c - +0 buckler
rNeg    . . .      Spirit   .    b - +0 scale mail
rPois   +          Reflect  .    m - +2 helmet
rElec   .          Rampage  .    (no cloak)
rCorr   .                        (no gloves)
Will    .....                    (no boots) Stlth
                                 (no amulet)
HPRegen 0.29/turn                o - ring of poison resistance
MPRegen 0.10/turn                (no ring)

@: mighty, berserking (expiring), very quick
A: small, no large weapons, nightstalker 3
a: no special abilities


You were on level 4 of the Dungeon.
You visited 1 branch of the dungeon, and saw 4 of its levels.

You collected 157 gold pieces.

Inventory:

Hand Weapons
 a - a +1 rapier
 i - a +2 whip of venom (weapon)
Missiles
 n - 12 poisoned darts (quivered)
Armour
 b - a +0 scale mail (worn)
 c - a +0 buckler (worn)
 e - a +0 helmet
 m - a +2 helmet (worn)
Jewellery
 o - a ring of poison resistance (left hand)
 p - a ring of willpower
Scrolls
 k - 4 scrolls of teleportation
Potions
 f - a potion of lignification {unknown}
 g - a potion of resistance {unknown}
 h - a potion of haste
 j - 2 potions of berserk rage
 l - a potion of cancellation {unknown}


   Skills:
 - Level 3.2 Fighting
 + Level 8.6 Short Blades
 - Level 2.4 Armour
 - Level 2.4 Shields


You had 5 spell levels left.
You didn't know any spells.
Your spell library contained the following spells:

 Spells                   Type           Power      Damage    Failure   Level
 Portal Projectile        Hex/Tloc       0%         N/A       100%        3
 Tukima's Dance           Hex            0%         N/A       100%        3
 Blade Hands              Tmut           0%         N/A       100%        5


Dungeon Overview and Level Annotations

Branches:
Dungeon (4/15)
 Temple: D:4-7

Altars:
Dithmenos
Kikubaaqudgha

Annotations:
D:4 Pikel


Innate Abilities, Weirdness & Mutations

You are small and have problems with some larger weapons.
You are completely attuned to the shadows.


Message History

That felt strangely unrewarding.
Pikel hits you with a +2 whip of freezing.
Pikel freezes you. The lemure hits you.
* * * LOW HITPOINT WARNING * * *
You block Pikel's attack.
It was a potion of berserk rage.
A red film seems to cover your vision as you go berserk!
You feel yourself moving faster!
You feel mighty! Pikel closely misses you.
The lemure hits you but does no damage.
You closely miss Pikel.
The lemure looks more healthy.
You barely miss Pikel.
Pikel hits you with a +2 whip of freezing.
* * * LOW HITPOINT WARNING * * *
Pikel freezes you.
* * * LOW HITPOINT WARNING * * *
You block the lemure's attack.
You barely miss Pikel. Pikel barely misses you.
The lemure hits you but does no damage.
You whack Pikel!
Pikel is moderately wounded.
Pikel hits you with a +2 whip of freezing.
* * * LOW HITPOINT WARNING * * *
Pikel freezes you.
* * * LOW HITPOINT WARNING * * *
The lemure hits you.
* * * LOW HITPOINT WARNING * * *
You completely miss Pikel.
Pikel is moderately wounded.
Unknown command.
You whack Pikel!
Pikel is poisoned.
Pikel is heavily wounded.
Pikel closely misses you. The lemure barely misses you.
You hit Pikel.
Pikel looks as sick as possible!
Pikel is severely wounded.
Pikel closely misses you. The lemure barely misses you.
You closely miss Pikel.
Pikel is severely wounded.
You block the lemure's attack.
Pikel hits you with a +2 whip of freezing!
You die...

#. #....##
###...## ##...#
#####.###
###.......#
.###...####..##
.....### #...#
.....#######..##
####..55@K.......
......######...#.
####### #...#
##..# #.#


You could see Pikel (extremely poisoned) and 2 lemures.

Vanquished Creatures
  2 lemures (D:4)
  A phantom (D:2)
  A hound (D:3)
  A jelly (D:3)
  Robin (D:3)
  A gnoll (D:1)
  7 adders
  2 worms
  3 orcs (D:3)
  6 bats
  3 endoplasms
  A giant cockroach (D:1)
  12 goblins
  6 hobgoblins
  6 kobolds
  4 quokkas
  11 ball pythons
  5 frilled lizards
  4 rats
77 creatures vanquished.

Vanquished Creatures (others)
  2 plants (D:1)
2 creatures vanquished.

Grand Total: 79 creatures vanquished

Notes
Turn   | Place    | Note
-------+----------+-------------------------------------------
     0 | D:1      | Ic0nGaming the Kobold Fighter began the quest for the Orb.
     0 | D:1      | Reached XP level 1. HP: 14/14 MP: 1/1
    80 | D:1      | Reached skill level 3 in Short Blades
   158 | D:1      | Reached XP level 2. HP: 19/19 MP: 2/2
   253 | D:1      | Reached skill level 4 in Short Blades
   380 | D:1      | Reached XP level 3. HP: 6/23 MP: 3/3
   821 | D:1      | Reached skill level 5 in Short Blades
  1082 | D:2      | Reached XP level 4. HP: 28/28 MP: 4/4
  1546 | D:2      | Noticed a phantom
  1766 | D:2      | Reached skill level 6 in Short Blades
  1798 | D:2      | Killed a phantom
  1799 | D:2      | Reached skill level 7 in Short Blades
  1799 | D:2      | Reached XP level 5. HP: 22/32 MP: 5/5
  2373 | D:3      | Found an ancient bone altar of Kikubaaqudgha.
  2404 | D:3      | Reached XP level 6. HP: 37/37 MP: 6/6
  2622 | D:3      | Reached skill level 8 in Short Blades
  3180 | D:4      | Noticed Robin
  3298 | D:3      | Killed Robin
  3447 | D:4      | Found a shadowy altar of Dithmenos.
  3553 | D:4      | Noticed Pikel
  3567 | D:4      | Mangled by Pikel

Illustrated notes

Levels and vault maps discovered:
D:1:      amcnicky_arrival_double_pillar, layout_loops_ring,
          nrook_mini_backslash, minmay_misc_feat_nine_boxes,
          minmay_misc_feat_four_crosses, minmay_misc_feat_doors,
          minmay_shallow_snake_nest
D:2:      layout_loops_corners, minmay_cut_off
D:3:      layout_loops_ring, nicolae_kikubaaqudgha_miasma_corner, serial_glass,
          glass_columns_a, glass_columns_a, glass_columns_a
D:4:      layout_rooms, grunt_dithmenos_smoke_and_mirrors,
          pdpol_wu_jian_five_deadly_venoms, uniq_robin, uniq_eustachio,
          uniq_pikel

Skill      XL: |  1  2  3  4  5  6 |
---------------+-------------------+-----
Short Blades   | 3 4 5 7 8 |  8.6
Fighting       | |  3.2
Armour         | |  2.4
Shields        | |  2.4

Action                     |  1- 3 |  4- 6 || total
---------------------------+-------+-------++-------
  Melee: Rapier            |    94 |    29 ||   123
         Whip              |    11 |   161 ||   172
  Throw: Dart              |       |     1 ||     1
    Use: Scroll            |       |     6 ||     6
         Potion            |       |     2 ||     2
   Stab: Sleeping          |     1 |     3 ||     4
         Distracted        |       |     1 ||     1
 Armour: Scale mail        |    48 |    66 ||   114
  Dodge: Dodged            |    64 |    95 ||   159
  Block: Buckler           |    26 |    44 ||    70

Table legend: (Time is in decaauts)
 A = Elapsed time spent in this place.
 B = Non-inter-level travel time spent in this place.
 C = Inter-level travel time spent in this place.
 D = Time resting spent in this place.
 E = Time spent auto-exploring this place.
 F = Levels seen in this place.
 G = Mean time per level.
                   A        B        C        D        E       F      G
               +--------+--------+--------+--------+--------+-----+--------+
         Total |   3599 |   3497 |    102 |    403 |   2472 |   4 |  899.8 |
       Dungeon |   3599 |   3497 |    102 |    403 |   2472 |   4 |  899.8 |
               +--------+--------+--------+--------+--------+-----+--------+

Top non-repeatable levels by time:
     D:2: 1257 daAuts
     D:3: 1071 daAuts
     D:1: 1055 daAuts
     D:4: 215 daAuts
